Unix NetHack Version 5.0.0-0 post-release - last build Jun 10 2026 00:39:30 (3ee93aec679c4c4259841fe613dc97188e26a321,branch:main).

Game began 2026-06-20 15:18:18, ended 2026-06-20 15:25:59.

LDaviesPeters, neutral female human Archeologist

                                    -----------             ------
                                    |.........|    #########..<..|
                                    |..........#####        |....|
                                    |.........|#            +....|
                                    |.........|             |....|
                                    -.---------             |....|
                                     #                      ------
                                    ###
                                     #
                                   ###
                                   ####
                                ---.----
                                |>.....|
                                |...ddd|
                                |...fd@|
                                --------

LDaviesPeters the Field Worker  St:12 Dx:10 Co:9 In:18 Wi:14 Ch:12  Neutral
Dlvl:3  $:14 HP:0(24) Pw:11(11) AC:9  Xp:3 T:964  Burdened

Latest messages:
 You miss the goblin.
 The goblin thrusts her crude dagger.
 The goblin hits!
 You kill the goblin!
 Welcome to experience level 3.
 You have a little trouble lifting C - a crude dagger.
 D - an iron skull cap.
 The kitten drops a ragged spellbook.
 You have a little trouble lifting A - a ragged spellbook.
 What do you want to read? [iA or ?*] >
 You don't have that object.
 What do you want to read? [iA or ?*] ?
 You begin to memorize the runes.
 You learn the "confuse monster" spell.
 You see here an empty unlocked chest.
 You put a spellbook of confuse monster into the chest.
 You fall down the stairs.
 You see here a food ration.
 You learn more about your items by comparing them.
 You have a little trouble lifting d - an uncursed food ration (5 in total).
 You hear some noises in the distance.
 You hear a jackal howling at the moon.
 You see here a burnt crossbow.
 You see here 4 gold pieces.
 You lash the werejackal.
 The werejackal bites!
 You feel feverish.
 You lash the werejackal.
 The werejackal bites!
 The werejackal bites!
 You lash the werejackal.
 The werejackal bites!
 You lash the werejackal.
 The werejackal bites!
 You lash the werejackal.
 The werejackal summons help!
 A jackal suddenly appears next to you!
 A jackal suddenly appears next to you!
 A fox suddenly appears close by!
 The werejackal bites!
 The kitten misses the jackal.
 The kitten misses the jackal.
 The jackal bites!
 The jackal bites!
 The werejackal bites!
 The kitten misses the jackal.
 You miss the werejackal.
 The jackal bites!
 You die...
 Do you want your possessions identified? [ynq] (y) q

Inventory:
 Coins    ('$')
  $ - 14 gold pieces
 Weapons  (')')
  j - 10 +0 arrows
  w - 10 +0 silver arrows
  C - a blessed +1 orcish dagger
  v - a +0 orcish dagger
  a - a +2 bullwhip (weapon in right hand)
 Armor    ('[')
  c - an uncursed +0 fedora (being worn)
  D - an uncursed +0 orcish helm
  h - an uncursed +0 leather jacket (being worn)
 Comestibles  ('%')
  t - 2 cursed cream pies
  d - 5 uncursed food rations
  u - a cursed food ration
  r - a cursed fortune cookie
  s - an uncursed tin of spinach
  l - an uncursed lichen corpse
 Scrolls  ('?')
  i - an uncursed scroll of teleportation
 Tools    ('(')
  b - an uncursed sack containing 8 items
  p - a +0 pick-axe (alternate weapon; not wielded)
  k - an uncursed skeleton key
  f - a tinning kit (0:54)
 Gems/Stones  ('*')
  g - an uncursed touchstone

Contents of the sack:
  28 gold pieces
  an uncursed scroll of confuse monster
  a blessed scroll of earth
  an uncursed scroll of enchant weapon
  an uncursed scroll of scare monster
  2 blessed potions of healing
  2 uncursed potions of healing
  an uncursed potion of sleeping

LDaviesPeters the Archeologist's attributes:

Background:
 You were a Field Worker, a level 3 female human Archeologist.
 You were neutral, on a mission for Camaxtli
 who was opposed by Quetzalcoatl (lawful) and Huhetotl (chaotic).
 You were right-handed.
 You were in the Dungeons of Doom, on level 3.
 You entered the dungeon 964 turns ago.
 You had 44 experience points, 36 more were needed to attain level 4.

Basics:
 You had 0 out of 24 hit points.
 You had all 11 energy points (spell power).
 Your armor class was 9.
 Your wallet contained 14 zorkmids, and
 you had 28 more stashed away in your pack.
 Autopickup was off.

Final Characteristics:
 Your strength was 12 (limit:18/100).
 Your dexterity was 10 (limit:18).
 Your constitution was 9 (limit:18).
 Your intelligence was 18 (limit:18).
 Your wisdom was 14 (limit:18).
 Your charisma was 12 (limit:18).

Final Status:
 You weren't hungry.
 You were burdened; movement was slightly slowed.
 You were wielding a whip.
 You had basic skill with whip.

Final Attributes:
 You were devoutly aligned.
 You were level-drain resistant.
 You had automatic searching.
 You were a werejackal.
 You were harmed by silver.
 You were lucky.
 You are dead.

Miscellaneous:
 You didn't encounter any bones levels.
 Total elapsed playing time was 7 minutes and 40 seconds.

Major events:
 Turn
    1: LDaviesPeters the neutral female human Archeologist entered the dungeon
  834: attained the rank of Field Worker (level 3)
  964: killed by a jackal

Spells:
 Name                 Level Category     Fail Retention
 confuse monster        1   enchantment    0%  76%-100%

Skills:
 Fighting Skills
   bare handed combat [Unskilled]
   two weapon combat  [Unskilled]
   riding             [Unskilled]
 Weapon Skills
   dagger             [Unskilled]
   knife              [Unskilled]
   pick-axe           [Basic]
   short sword        [Unskilled]
   saber              [Unskilled]
   club               [Unskilled]
   quarterstaff       [Unskilled]
   sling              [Unskilled]
   dart               [Unskilled]
   boomerang          [Unskilled]
   whip               [Basic]
   unicorn horn       [Unskilled]
 Spellcasting Skills
   attack spells      [Unskilled]
   healing spells     [Unskilled]
   divination spells  [Unskilled]
   matter spells      [Unskilled]

Voluntary challenges:
 Character rerolling was not enabled.
 You were an atheist.
 You never genocided any monsters.
 You never polymorphed an object.
 You never changed form.
 You used no wishes.
Achievement:
 You attained the rank of Field Worker.

 The Dungeons of Doom: levels 1 to 3
    Level 1:
       A fountain.
    Level 2:
       A fountain, some sinks.
    Level 3: <- You were here.
       Final resting place for
          you, killed by a jackal.


Vanquished creatures:
  a gray ooze
  a gecko
  a jackal
  3 goblins
  2 sewer rats
  2 grid bugs
  4 lichens
  a kobold zombie
  2 newts
17 creatures vanquished.

No species were genocided or became extinct.

Game over:
                       ----------
                      /          \
                     /    REST    \
                    /      IN      \
                   /     PEACE      \
                  /                  \
                  |  LDaviesPeters   |
                  |      42 Au       |
                  |   killed by a    |
                  |      jackal      |
                  |                  |
                  |                  |
                  |       2026       |
                 *|     *  *  *      | *
        _________)/\\_//(\/(/\)/\//\/|_)_______

Goodbye LDaviesPeters the Archeologist...

You died in The Dungeons of Doom on dungeon level 3 with 314 points,
and 42 pieces of gold, after 964 moves.
You were level 3 with a maximum of 24 hit points when you died.

